 Dungeon Crawl Stone Soup version 0.22-a0-845-g8bfc27d406 (webtiles) character file.

99 kirei the Digger (level 4, 0/24 HPs)
             Began as a Gargoyle Earth Elementalist on July 26, 2018.
             Slain by an orc priest
             ... wielding a +0 hand axe
              (1 damage)
             ... on level 3 of the Dungeon.
             The game lasted 00:11:43 (2033 turns).

kirei the Digger (Gargoyle Earth Elementalist)      Turns: 2033, Time: 00:11:44

Health: 0/24       AC:  8    Str: 11    XL:     4   Next: 72%
Magic:  3/9        EV: 11    Int: 17    God:
Gold:   128        SH:  0    Dex: 10    Spells: 5/9 levels left

rFire    + . .     SeeInvis .   j - +1 short sword (venom)
rCold    . . .     Gourm    .   (no shield)
rNeg     + . .     Faith    .   i - +2 leather armour {rF+}
rPois    ∞         Spirit   .   (no helmet)
rElec    +         Reflect  .   (no cloak)
rCorr    .         Harm     .   (no gloves)
MR       .....                  (no boots)
Stlth    ++........             (no amulet)
HPRegen  0.08/turn              (no ring)
MPRegen  0.11/turn              (no ring)

@: very slightly contaminated
A: negative energy resistance 1, electricity resistance, unbreathing,
petrification resistance, rot immunity, AC +3
a: no special abilities


You were on level 3 of the Dungeon.
You were very hungry.

You visited 1 branch of the dungeon, and saw 3 of its levels.

You collected 128 gold pieces.

Inventory:

Hand Weapons
 j - a +1 short sword of venom (weapon)
Missiles
 b - 30 stones (quivered)
Armour
 i - a +2 leather armour of fire resistance (worn)
Scrolls
 a - 3 scrolls of amnesia
 g - a scroll of teleportation
Potions
 e - a potion of haste
 f - a potion of lignification {unknown}
 h - a potion of might {unknown}
 m - a potion of degeneration {unknown}
 o - a potion of brilliance
Comestibles
 d - 5 rations


   Skills:
 - Level 1.5 Dodging
 - Level 2.1 Stealth
 + Level 3.4 Spellcasting
   Level 0.7 Transmutations
 + Level 5.2 Earth Magic


You had 5 spell levels left.
You knew the following spells:

 Your Spells              Type           Power        Failure   Level  Hunger
a - Sandblast             Erth           ###...       2%          1    None
b - Stone Arrow           Conj/Erth      ##....       22%         3    ###....

Your spell library contained the following spells:

 Spells                   Type           Power        Failure   Level  Hunger
 Passwall                 Tmut/Erth      ##......     10%         2    ##.....
 Lee's Rapid Deconstruct  Erth           ###.......   58%         5    ######.
 Petrify                  Tmut/Erth      ##......     54%         4    ####...


Dungeon Overview and Level Annotations

Branches:
Dungeon (3/15)

Altars:


Innate Abilities, Weirdness & Mutations

You are resistant to torment.
Your stone body is resilient. (AC +3)
You are immune to poison.
You resist negative energy. (rN+)
You are resistant to electric shocks. (rElec)
You can survive without breathing.
You are immune to petrification.
You are immune to rotting.


Message History

Confirm with . or Enter, or press ? or * to list all spells.
Aiming: Sandblast (safe; 2% risk of failure)
Press: ? - help, Shift-Dir - straight line, f/p - orc priest
Aim: an orc priest, wielding a hand axe and wearing a leather armour (heavily wounded)
The blast of sand hits the orc priest.
The orc priest is severely wounded.
b - 30 stones The orc priest invokes the aid of Beogh against you.
Beogh smites you!
Ouch! That really hurt!
You are too injured to fight recklessly!
You hit the orc priest.
The orc priest is poisoned.
The orc priest is almost dead.
The orc priest calls down the wrath of Beogh upon you.
Beogh smites you!
* * * LOW HITPOINT WARNING * * *
You barely miss the orc priest.
The orc priest is almost dead.
The orc priest hits you with a hand axe.
You die...

##.....#
#.....#
...
##.#+##
... #...#
#.. ##..#
#.# #.>#
#)# ##.#
#r# #.#
#o# #.#
#@# #.#
#.# #.#
#.# #.#
#.# #.#
#.# #.#
#.# #.#
#.#
#.#####.#
#.......#


You could see an orc priest and a rat.

Vanquished Creatures
  2 adders (D:2)
  2 oozes (D:2)
  5 dart slugs
  2 leopard geckos (D:1)
  2 orcs (D:3)
  13 bats
  7 goblins
  5 hobgoblins
  4 jackals (D:2)
  5 kobolds
  A quokka (D:2)
  6 frilled lizards
  5 rats
59 creatures vanquished.

Notes
Turn   | Place    | Note
-------+----------+-------------------------------------------
     0 | D:1      | kirei the Gargoyle Earth Elementalist began the quest for the Orb.
     0 | D:1      | Reached XP level 1. HP: 10/10 MP: 3/3
   159 | D:1      | Reached skill level 4 in Earth Magic
   159 | D:1      | Reached XP level 2. HP: 15/15 MP: 1/5
   389 | D:1      | Reached XP level 3. HP: 14/19 MP: 6/6
   903 | D:2      | Learned a level 3 spell: Stone Arrow
  1535 | D:2      | Reached XP level 4. HP: 23/24 MP: 8/8
  1580 | D:2      | Reached skill level 5 in Earth Magic
  2032 | D:3      | HP: 1/24 [orc priest/divine providence (7)]
  2033 | D:3      | Slain by an orc priest

Vault maps used:
D:1:      minmay_arrival_hallway, grunt_decor_resistance
D:2:      lemuel_old_faithful
D:3:      gammafunk_ghost_stat_death, tgw_kikubaaqudgha,
          uniq_crazy_yiuf_cottage, uniq_jessica

Skill      XL: |  1  2  3  4 |
---------------+-------------+-----
Earth Magic    | 4 5 |  5.2
Spellcasting   | 3 |  3.4
Dodging        | |  1.5
Stealth        | |  2.1
Transmutations | |  0.7

Action                   |  1- 3 |  4- 6 || total
-------------------------+-------+-------++-------
Melee: Unarmed           |    17 |       ||    17
       Short sword       |   106 |    34 ||   140
 Cast: Sandblast         |    13 |     5 ||    18
       Stone Arrow       |       |     1 ||     1
  Use: Scroll            |     4 |     8 ||    12
 Stab: Sleeping          |     3 |     4 ||     7
  Eat: Chunk             |     2 |     1 ||     3
Armor: Robe              |    43 |    13 ||    56
       Leather armour    |       |     3 ||     3
Dodge: Dodged            |    92 |    14 ||   106

Table legend:
 A = Spawn XP
 B = Non-spawn XP
 C = Spawn XP percentage of total XP
 D = Spawn monster count
 E = Non-spawn monster count
 F = Spawn count percentage of total count
 G = Total turns spent on level
                    A         B        C        D         E        F      G
               +---------+---------+-------+---------+---------+-------+---------
         Total |       0 |     142 |   0.0 |       0 |      59 |   0.0 |  2033
               +---------+---------+-------+---------+---------+-------+---------
           D:1 |       0 |      52 |   0.0 |       0 |      31 |   0.0 |   898
           D:2 |       0 |      81 |   0.0 |       0 |      24 |   0.0 |  1076
           D:3 |       0 |       9 |   0.0 |       0 |       4 |   0.0 |    59
               +---------+---------+-------+---------+---------+-------+---------
